 Seeded DCSS version 0.29.1-12-g30fa7ad0bf (webtiles) character file.

Game seed: 9845822215292249863 (custom seed)

35 hikkokomori the Conjurer (level 3, 21/21 HPs)
             Began as an Octopode Conjurer on Jan 7, 2023.
             Got out of the dungeon alive.
             The game lasted 00:02:03 (1222 turns).

hikkokomori the Conjurer (Octopode Conjurer)        Turns: 1222, Time: 00:02:04

Health: 21/21      AC:  1    Str:  6    XL:     3   Next: 33%
Magic:  6/6        EV: 13    Int: 22    God:
Gold:   2331       SH:  0    Dex: 10    Spells: 5/6 levels left

rFire   . . .      SeeInvis .   d - staff of conjuration
rCold   . . .      Faith    .   (no shield)
rNeg    . . .      Spirit   .   (helmet restricted)
rPois   .          Reflect  .   h - amulet of the acrobat
rElec   .          Harm     .   i - ring of willpower
rCorr   .          Rampage  .   (no ring)
Will    +....                   (no ring)
Stlth   +++.......              (no ring)
HPRegen 0.07/turn               (no ring)
MPRegen 0.10/turn               (no ring)
                                (no ring)
                                (no ring)

@: no status effects
A: almost no armour, amphibious, 8 rings, camouflage 1, gelatinous body 1,
(nimble swimmer 1), tentacles
a: no special abilities


You escaped.
You visited 1 branch of the dungeon, and saw 1 of its levels.

You collected 2331 gold pieces.

Inventory:

Magical Staves
 d - a staff of conjuration (weapon)
Jewellery
 h - an amulet of the acrobat (around mantle)
 i - a ring of willpower (left tentacle)
Scrolls
 b - a scroll of teleportation {unknown}
 c - a scroll of identify {unknown}
 g - a scroll of amnesia {unknown}
Potions
 a - 2 potions of magic
 e - a potion of heal wounds {unknown}
 f - a potion of curing {unknown}


   Skills:
 + Level 2.4 Dodging
 + Level 3.4 Stealth
 + Level 2.4 Spellcasting
 + Level 4.2 Conjurations


You had 5 spell levels left.
You knew the following spells:

 Your Spells              Type           Power      Damage    Failure   Level
a - Magic Dart            Conj           100%       1d8       2%          1

Your spell library contained the following spells:

 Spells                   Type           Power      Damage    Failure   Level
 Searing Ray              Conj           64%        2d6       3%          2
 Dazzling Flash           Conj/Hex       36%        N/A       17%         3
 Fulminant Prism          Conj/Hex       9%         3d7       50%         4
 Iskenderun's Mystic Bla  Conj/Tloc      18%        2d6       50%         4


Dungeon Overview and Level Annotations

Branches:
Dungeon (1/15)

Altars:


Innate Abilities, Weirdness & Mutations

You cannot wear most types of armour.
You are amphibious.
You can wear up to eight rings at the same time.
Your skin changes colour to match your surroundings (Stealth+).
Your rubbery body absorbs attacks. (AC +1, EV +1)
((You are camouflaged when in or above water. (Stealth+)))
You have tentacles for arms and can constrict up to eight enemies at once.


Message History

You can't see any susceptible monsters within range! (Use Z to cast anyway.) Done exploring.
You can't see any susceptible monsters within range! (Use Z to cast anyway.) Done exploring.
You can't see any susceptible monsters within range! (Use Z to cast anyway.) Done exploring.
You can't see any susceptible monsters within range! (Use Z to cast anyway.) Done exploring.
You start putting on your amulet.
You continue putting on your amulet of the acrobat. x5
You finish putting on your amulet of the acrobat.
You feel ready to tumble and roll out of harm's way.
h - an amulet of the acrobat (around mantle)
i - a ring of willpower (left tentacle) This is a scroll of acquirement!
Something appears before you!
You now have 730 gold pieces (gained 699).
Something appears before you!
You now have 1652 gold pieces (gained 922).
Something appears before you!
You now have 2331 gold pieces (gained 679).
Search for what [? for help]? staff You see here a staff of conjuration.
d - a staff of conjuration
d - a staff of conjuration (weapon)
Done exploring.
Done exploring.
Done exploring.
(D) Dungeon
Where to? (Enter - D:1 @ (x,y), ? - help)
What level of the Dungeon? (default 1, ? - help)
Okay, then.
You open the door.
There is an open door here.
There is an open door here.
There is an open door here.
There is a stone staircase leading down here.
There is a staircase leading out of the dungeon here.
Are you sure you want to leave the Dungeon?
This will make you lose the game!
You have escaped!

.# ##.###### #.....#
#..##### .# ##.# ###.###
##....# .#
##..############..####..##.#
##
#..........................#
#.P~~~~~~≈~P...P≈≈~≈~~~≈P..#
#.~~≈~~~~≈≈~...~≈≈~~~~≈~~..#
#.~≈≈~~~~≈≈~...~~≈~~~~≈≈~..#
#.P~~~~~≈≈~.....~~~~~≈~~P..#
#.........)..@............##
#.P~~≈~~~~~.....~~~~~~)≈P.#
#.~~≈~~~~~≈~...~~~~~~~≈≈≈.#
#.~~≈~~~~≈≈~...~~≈~~~~≈≈~.#
#.P~~~~~~~≈P...P~~~~~~~~P.#
#.........................#
#.####.###..#######..######
#.........................#
#######.#################.#


There were no monsters in sight!

Vanquished Creatures
  A gnoll (D:1)
  2 dart slugs (D:1)
  2 endoplasms (D:1)
  A giant cockroach (D:1)
  2 goblins (D:1)
  2 kobolds (D:1)
  A quokka (D:1)
  2 ball pythons (D:1)
  5 bats (D:1)
  A frilled lizard (D:1)
  A rat (D:1)
20 creatures vanquished.

Notes
Turn   | Place    | Note
-------+----------+-------------------------------------------
     0 | D:1      | hikkokomori the Octopode Conjurer began the quest for the
                  | Orb.
     0 | D:1      | Reached XP level 1. HP: 11/11 MP: 3/3
    95 | D:1      | Reached XP level 2. HP: 17/17 MP: 0/5
   557 | D:1      | Reached XP level 3. HP: 21/21 MP: 2/6
  1114 | D:1      | Identified 3 scrolls of acquirement
  1114 | D:1      | Acquired 699 gold pieces
  1116 | D:1      | Acquired 922 gold pieces
  1118 | D:1      | Acquired 679 gold pieces
  1222 | D:$      | Got out of the dungeon alive.

Illustrated notes

Levels and vault maps discovered:
D:1:      giann_bridges, layout_basic

Skill      XL: |  1 |
---------------+----+-----
Stealth        | 3 |  3.4
Dodging        | |  2.4
Spellcasting   | |  2.4
Conjurations   | |  4.2

Action                   || total
-------------------------++-------
Melee: Unarmed           ||     5
       Constrict         ||     1
 Cast: Magic Dart        ||    41
  Use: Scroll            ||     3
Dodge: Dodged            ||     3
